 Dungeon Crawl Stone Soup version 0.23.2 (webtiles) character file.

Game seed: 7626560125494291951

860 Illumine the Cleaver (level 7, -6/62 HPs)
             Began as a Deep Dwarf Fighter on Oct 1, 2019.
             Was an Initiate of Makhleb.
             Mangled by an orc warrior
             ... wielding a +0 halberd
              (17 damage)
             ... on level 6 of the Dungeon.
             The game lasted 00:04:55 (1635 turns).

Illumine the Cleaver (Deep Dwarf Fighter)           Turns: 1635, Time: 00:04:56

Health: -6/62      AC:  9    Str: 22    XL:     7   Next: 71%
Magic:  8/8        EV:  6    Int:  8    God:    Makhleb [......]
Gold:   245        SH:  9    Dex: 12    Spells: 6/6 levels left

rFire    . . .     SeeInvis .   a - +0 war axe
rCold    . . .     Gourm    .   c - +0 shield
rNeg     . . .     Faith    .   n - +0 chain mail (curse)
rPois    .         Spirit   .   (no helmet)
rElec    .         Reflect  .   (no cloak)
rCorr    .         Harm     .   (no gloves)
MR       +....                  (no boots)
Stlth    ..........             (no amulet)
HPRegen  0.00/turn              (no ring)
MPRegen  0.11/turn              (no ring)

@: non-regenerating
A: damage resistance, heal wounds, sense surroundings 1, no regeneration
a: Heal Wounds, Renounce Religion


You were on level 6 of the Dungeon.
You worshipped Makhleb.
Makhleb was noncommittal.
You were not hungry.

You visited 2 branches of the dungeon, and saw 7 of its levels.

You collected 245 gold pieces.

Inventory:

Hand Weapons
 a - a +0 war axe (weapon)
Missiles
 l - 4 tomahawks (quivered)
Armour
 b - a +0 scale mail
 c - a +0 shield (worn)
 n - a cursed +0 chain mail (worn)
Jewellery
 p - an uncursed amulet of harm {unknown}
Wands
 k - a wand of random effects (9)
Scrolls
 e - a scroll of teleportation
 g - a scroll of amnesia {unknown}
 h - a scroll of identify {unknown}
 q - 2 scrolls of enchant armour {unknown}
 s - a scroll of enchant weapon {unknown}
 t - a scroll of noise {unknown}
 u - 2 scrolls of magic mapping {unknown}
 v - a scroll of remove curse {unknown}
Potions
 d - a potion of might
 i - a potion of magic {unknown}
 j - 2 potions of lignification {unknown}
 m - a potion of resistance {unknown}
 r - a potion of haste {unknown}
Comestibles
 f - 5 rations
 o - a chunk of flesh


   Skills:
 + Level 3.2 Fighting
 + Level 8.4 Axes
 + Level 4.0 Armour
 + Level 1.9 Dodging
 + Level 3.9 Shields
 * Level 2.6 Invocations


You had 6 spell levels left.
You didn't know any spells.
Your spell library was empty.

Dungeon Overview and Level Annotations

Branches:
Dungeon (6/15)             Temple (1/1) D:5

Altars:
Cheibriados
Elyvilon
Fedhas
Gozag
Hepliaklqana
Makhleb
Okawaru
Qazlal
Sif Muna
Uskayaw
Wu Jian
Yredelemnul
Zin
The Shining One

Shops:
D:5 }![


Innate Abilities, Weirdness & Mutations

You are resistant to damage.
You can heal yourself by infusing magical energy.
You passively map a small area around you.
You do not regenerate.


Message History

You hit the orc warrior.
The orc warrior is heavily wounded.
The orc warrior hits you with a +0 halberd.
You closely miss the orc warrior.
The orc warrior is heavily wounded.
You block the orc warrior's attack.
You slash the orc warrior!
The orc warrior is severely wounded.
The orc warrior hits you with a +0 halberd!
You hit the orc warrior.
The orc warrior is severely wounded.
The orc warrior hits you with a +0 halberd!
* * * LOW HITPOINT WARNING * * *
You barely miss the orc warrior.
The orc warrior is severely wounded.
You block the orc warrior's attack.
You barely miss the orc warrior.
The orc warrior is severely wounded.
The orc warrior hits you with a +0 halberd!!
You die...

*# ##..........# ,
##..#......... *
#..##......... *
###########.####........
, ............#
#........ *
,...........## #........
* #.......## ##.......
##.......# #..).... ,
*#....)@..# ##......
#......o..# #......
#.........# ##.....
#.........#* #.....
#.......... ##....
#.........(# #....
##.........# ###....!.##
*


You could see an orc warrior.

Vanquished Creatures
  An orc warrior (D:6)
  An ice beast (D:5)
  An ogre (D:6)
  3 crimson imps (D:5)
  2 hounds
  2 bullfrog skeletons
  2 orc wizards
  2 iguanas
  4 worker ants
  A hound skeleton (D:4)
  2 worker ant zombies
  2 adders
  3 river rats (D:5)
  A shadow imp (D:6)
  An ooze (D:3)
  A worm (D:4)
  A dart slug (D:1)
  2 leopard geckos
  14 orcs
  3 bats
  3 giant cockroaches
  7 hobgoblins
  4 jackals (D:5)
  2 kobolds (D:3)
  A quokka (D:5)
  A ball python (D:1)
  A frilled lizard (D:4)
  2 goblins (D:1)
  2 leopard gecko skeletons
  A quokka skeleton (D:6)
  2 rats
75 creatures vanquished.

Notes
Turn   | Place    | Note
-------+----------+-------------------------------------------
     0 | D:1      | Illumine the Deep Dwarf Fighter began the quest for the
                  | Orb.
     0 | D:1      | Reached XP level 1. HP: 20/20 MP: 1/1
    86 | D:1      | Reached skill level 3 in Axes
    86 | D:1      | Reached XP level 2. HP: 22/27 MP: 2/2
   258 | D:3      | Reached XP level 3. HP: 26/33 MP: 3/3
   260 | D:3      | Found a snail-covered altar of Cheibriados.
   271 | D:4      | Found a hide-covered altar of Uskayaw.
   282 | D:4      | Reached skill level 4 in Axes
   338 | D:4      | Reached XP level 4. HP: 25/40 MP: 4/4
   341 | D:4      | Reached skill level 5 in Axes
   566 | D:4      | Reached XP level 5. HP: 31/46 MP: 5/5
   580 | D:4      | Reached skill level 6 in Axes
   696 | D:5      | Entered Level 5 of the Dungeon
   697 | D:5      | Found a glowing drain.
   786 | D:6      | Noticed an orc warrior
   821 | D:5      | Found Hofrahaz's Distillery.
   830 | D:5      | Reached skill level 7 in Axes
   830 | D:5      | Reached XP level 6. HP: 24/55 MP: 6/6
   874 | D:5      | Found Vyps's Gadget Boutique.
   884 | D:5      | Noticed an ice beast
   893 | D:5      | Killed an ice beast
   997 | D:5      | Reached skill level 8 in Axes
  1065 | D:5      | Reached XP level 7. HP: 15/61 MP: 7/7
  1083 | D:5      | Found a glowing golden altar of the Shining One.
  1083 | D:5      | Found a glowing silver altar of Zin.
  1084 | D:5      | Found a white marble altar of Elyvilon.
  1097 | D:5      | Reached skill level 1 in Dodging
  1270 | D:5      | Found a staircase to the Ecumenical Temple.
  1302 | Temple   | Entered the Ecumenical Temple
  1377 | Temple   | Became a worshipper of Makhleb the Destroyer
  1411 | D:5      | Found Jegom's Armour Emporium.
  1490 | D:6      | Reached skill level 1 in Invocations
  1635 | D:6      | Mangled by an orc warrior

Skill      XL: |  1  2  3  4  5  6  7 |
---------------+----------------------+-----
Axes           | 3 4 5 7 8 |  8.4
Dodging        | 1 |  1.9
Fighting       | 3 |  3.2
Invocations    | 2 |  2.6
Armour         | 4 |  4.0
Shields        | |  3.9

Action                   |  1- 3 |  4- 6 |  7- 9 || total
-------------------------+-------+-------+-------++-------
Melee: War axe           |    82 |   106 |    51 ||   239
 Abil: Heal Wounds       |       |     1 |     3 ||     4
  Use: Scroll            |       |     1 |       ||     1
  Eat: Chunk             |       |     1 |     2 ||     3
Armor: Scale mail        |    35 |    11 |       ||    46
       Chain mail        |       |    52 |    12 ||    64
Dodge: Dodged            |    23 |    31 |    12 ||    66
Block: Shield            |    42 |    58 |    27 ||   127
